 Dungeon Crawl Stone Soup version 0.18-b1-18-g7758cf2 (webtiles) character file.

40 GreamJoe the Sneak (level 3, -2/18 HPs)
             Began as a Spriggan Assassin on May 2, 2016.
             Slain by a kobold (3 damage)
             ... on level 3 of the Dungeon.
             The game lasted 00:10:02 (1708 turns).

GreamJoe the Sneak (Spriggan Assassin)              Turns: 1708, Time: 00:10:03

Health: -2/18      AC:  3    Str:  7    XL:     3   Next: 30%
Magic:  4/4        EV: 17    Int: 12    God:
Gold:   88         SH:  0    Dex: 18    Spells: 0 memorised, 2 levels left

rFire  . . .     SeeInvis +     a - +2 dagger
rCold  . . .     Gourm    .     c - +0 robe
rNeg   . . .     Faith    .     (shield restricted)
rPois  .         Spirit   .     (helmet restricted)
rElec  .         Dismiss  .     d - +0 cloak
rCorr  .         Reflect  .     (gloves unavailable)
SustAt .         Harm     .     (boots unavailable)
MR     .....                    (no amulet)
Stlth  ++++......               (no ring)
                                (no ring)

@: very quick, not resistant to hostile enchantments, stealthy
A: unfitting armour, see invisible, herbivore 3, speed 3, slow metabolism 2
a: no special abilities


You were on level 3 of the Dungeon.
You were completely stuffed.

You visited 1 branch of the dungeon, and saw 3 of its levels.

You collected 88 gold pieces.

Inventory:

Hand Weapons
 a - a +2 dagger (weapon)
 b - a +0 blowgun
 h - a +0 hand axe
 q - a +0 dagger
 u - a +0 whip
Missiles
 e - 8 poisoned needles
 f - 2 curare-tipped needles
 i - 71 stones (quivered) {i}
Armour
 c - a +0 robe (worn)
 d - a +0 cloak (worn)
 g - a cursed +0 leather armour
 m - a +0 cloak
 o - a +2 naga barding
Scrolls
 j - a scroll of amnesia {unknown}
 r - 5 scrolls of identify {unknown}
 s - a scroll of remove curse {unknown}
 v - a scroll of immolation {unknown}
 y - a scroll of teleportation {unknown}
Potions
 t - a potion of heal wounds {unknown}
 w - a potion of degeneration {unknown}
 x - a potion of might {unknown}
Books
 l - a book of the Tempests

   Spells                             Type                      Level
   a - Static Discharge               Conjuration/Air              3
   b - Lightning Bolt                 Conjuration/Air              5
   c - Fireball                       Conjuration/Fire             5
   d - Tornado                        Air                          9
   e - Shatter                        Earth                        9
Comestibles
 k - 2 fruits
 n - a beef jerky
 p - a meat ration


   Skills:
 + Level 1.9 Fighting
 + Level 2.5 Short Blades
 + Level 2.1 Throwing
 + Level 2.2 Dodging
 + Level 6.8 Stealth


You had 2 spell levels left.
You didn't know any spells.

Dungeon Overview and Level Annotations

Branches:
Dungeon (3/15)

Altars:


Innate Abilities, Weirdness & Mutations

You are tiny and cannot use many weapons and most armour.
You have supernaturally acute eyesight.
You are a herbivore.
You cover ground extremely quickly.
You need consume almost no food.


Message History

The kobold misses you.
You barely miss the kobold. The bat barely misses you.
The kobold closely misses you. The bat closely misses you.
You closely miss the kobold. The bat hits you but does no damage.
The gnoll misses you. The kobold closely misses you.
You closely miss the kobold. The bat misses you. x2
The gnoll hits you from afar with a spear.
* * * LOW HITPOINT WARNING * * *
The kobold closely misses you.
You hit the kobold but do no damage. The bat barely misses you.
The bat misses you. The gnoll closely misses you.
You hit the kobold.
The kobold is severely wounded.
The bat barely misses you. The kobold misses you. The gnoll closely misses you.
The bat hits you.
* * * LOW HITPOINT WARNING * * *
You closely miss the kobold.
The kobold is severely wounded.
The bat closely misses you. The bat barely misses you. The kobold hits you.
You die...

.# ####### #.............+ .
(####.....####....g###.....# ..
g(..g...g!................# ...
...##.....####+###g.......# ..#
.###....###...............##...##
.# #....# #.........##.##........
...'....+ +....b..g..#.##.##.###.
.###h...###....r.....#.##.....##.
..h............K@b...............
.######...#####......#...........
. ..........########.##. >+
.............. .# .#
................ # .#
................. .#
......#####...... .# ......
...#### ##


You could see 2 gnolls, a goblin, 2 bats, a kobold and a rat.

Vanquished Creatures
  An adder (D:2)
  A worm (D:2)
  A dart slug (D:1)
  A giant gecko (D:2)
  A ball python (D:1)
  A bat (D:1)
  2 giant cockroaches
  3 goblins (D:1)
  6 hobgoblins
  A kobold (D:1)
  A quokka (D:2)
  3 rats
22 creatures vanquished.

Notes
Turn   | Place    | Note
--------------------------------------------------------------
     0 | D:1      | GreamJoe the Spriggan Assassin began the quest for the Orb.
     0 | D:1      | Reached XP level 1. HP: 10/10 MP: 2/2
   185 | D:1      | Reached skill level 6 in Stealth
   295 | D:1      | Reached XP level 2. HP: 14/15 MP: 3/3
  1067 | D:1      | Reached XP level 3. HP: 13/18 MP: 4/4
  1708 | D:3      | Slain by a kobold

Skill      XL: |  1  2 |
---------------+-------+-----
Stealth        | 6 |  6.8
Dodging        | 2 |  2.2
Fighting       | |  1.9
Short Blades   | |  2.5
Throwing       | |  2.1

Action                   || total
-------------------------++-------
Melee: Dagger            ||    93
 Fire: Blowgun           ||    15
Throw: Stone             ||     8
  Use: Potion            ||     1
 Stab: Sleeping          ||     6
  Eat: Bread ration      ||     1
       Fruit             ||     1
Armor: Robe              ||    19
Dodge: Dodged            ||   113
